 Dungeon Crawl Stone Soup version 0.29-a0-643-ga013cefcf8 (webtiles) character file.

Game seed: 16196115663043059348

2230 IdlyInterested the Slasher (level 9, -3/63 HPs)
             Began as a Demonspawn Gladiator on June 19, 2022.
             Was an Initiate of Cheibriados.
             Slain by a killer bee (4 damage)
             ... on level 7 of the Dungeon.
             The game lasted 00:22:16 (7536 turns).

IdlyInterested the Slasher (Demonspawn Gladiator)   Turns: 7536, Time: 00:22:16

Health: -3/63      AC: 10    Str: 23    XL:     9   Next: 14%
Magic:  9/9        EV: 13    Int: 10    God:    Cheibriados [......]
Gold:   341        SH:  0    Dex: 23    Spells: 8/8 levels left

rFire   . . .      SeeInvis .   a - +0 long sword
rCold   . . .      Faith    .   (no shield)
rNeg    . . .      Spirit   .   i - +0 troll leather armour
rPois   .          Reflect  .   c - +0 helmet
rElec   .          Harm     .   (no cloak)
rCorr   .          Rampage  .   (no gloves)
Will    .....                   (no boots)
Stlth   +++++.....              (no amulet)
HPRegen 1.00/turn               b - +6 ring of strength
MPRegen 0.11/turn               r - +4 ring of protection

@: lethally poisoned (-3 -> -7), very slow
A: thin skeletal structure 2, demonic touch 1
a: Renounce Religion


You were on level 7 of the Dungeon.
You worshipped Cheibriados.
Cheibriados was noncommittal.
You visited 2 branches of the dungeon, and saw 8 of its levels.

You collected 341 gold pieces.

Inventory:

Hand Weapons
 a - a +0 long sword (weapon)
 v - a +0 falchion
Missiles
 d - 2 throwing nets
 e - a javelin
 g - 12 poisoned darts
 h - 62 stones (quivered)
 D - 2 boomerangs
Armour
 c - a +0 helmet (worn)
 i - a +0 troll leather armour (worn)
 j - a +2 animal skin
 w - a +2 leather armour of fire resistance
 y - an orb of energy
 C - a +0 leather armour of poison resistance
Magical Staves
 l - a staff of air
 B - a staff of earth
Jewellery
 b - a +6 ring of strength (left hand)
 k - a ring of protection from cold
 r - a +4 ring of protection (right hand)
 u - a ring of resist corrosion
Wands
 t - a wand of flame (24)
 x - a wand of paralysis (20)
 F - a wand of light (6)
Scrolls
 p - 3 scrolls of identify
 q - 2 scrolls of teleportation
 H - a scroll of amnesia
Potions
 f - a potion of lignification
 m - 2 potions of heal wounds
 n - 3 potions of resistance
 s - 2 potions of attraction
 z - 2 potions of flight
 G - a potion of curing


   Skills:
 - Level 3.0 Fighting
 * Level 7.4 Long Blades
 - Level 2.0 Throwing
 + Level 6.1 Armour
 - Level 3.0 Dodging
 * Level 2.9 Stealth
 - Level 4.0 Unarmed Combat
 - Level 2.0 Evocations


You had 8 spell levels left.
You didn't know any spells.
Your spell library was empty.

Dungeon Overview and Level Annotations

Branches:
Dungeon (7/15)             Temple (1/1) D:7

Altars:
Ashenzari
Cheibriados
Dithmenos
Gozag
Hepliaklqana
Kikubaaqudgha
Makhleb
Okawaru
Qazlal
Ru
Sif Muna
Trog
Uskayaw
Wu Jian
Xom
Yredelemnul
Zin
The Shining One

Shops:
D:6 (   D:7 *

Annotations:
D:7 1 transporter, porpoise's ghost, novice MfFi


Innate Abilities, Weirdness & Mutations

You have a moderately thin skeletal structure. (Dex +4, Stealth++)
Your touch may inflict minor irresistible damage on your foes.


Message History

You are more poisoned.
The killer bee poisons you! The killer bee barely misses you.
The killer bee stings you but does no damage.
Porpoise's ghost barely misses you.
The killer bee stings you but does no damage.
The killer bee barely misses you. The killer bee stings you.
* * * LOW HITPOINT WARNING * * *
The killer bee barely misses you.
You hit the killer bee.
You kill the killer bee!
Cheibriados thoroughly appreciates the change of pace.
* * * LOW HITPOINT WARNING * * *
You feel very sick. The killer bee misses you.
The killer bee closely misses you. The killer bee stings you.
* * * LOW HITPOINT WARNING * * *
Porpoise's ghost says, "First you will die, then you will suffer."
Porpoise's ghost hits you but does no damage.
The killer bee stings you.
* * * LOW HITPOINT WARNING * * *
The killer bee misses you. The killer bee closely misses you.
The killer bee stings you.
* * * LOW HITPOINT WARNING * * *
Training target 4.0 for Unarmed Combat reached!
Your Unarmed Combat skill increases to level 4!
Unknown command.
You closely miss the killer bee.
* * * LOW HITPOINT WARNING * * *
You feel very sick. The killer bee barely misses you.
The killer bee stings you but does no damage. x3
Porpoise's ghost hits you but does no damage.
The killer bee barely misses you. The killer bee misses you.
The killer bee stings you but does no damage. x2
Unknown command.
You slash the killer bee!
The killer bee is heavily wounded.
* * * LOW HITPOINT WARNING * * *
You feel sick. The killer bee stings you.
You die...

..#####.....# #..#
#.....#### ...##
#.....[.^# ....#
#.....##.########
....###.......©.......##
.....#..#############..##
####...#####=!©..#####..#
####..###...#..y#y#y###.#
#.....##..#!.###@y#..##.#
......###.#y#..W#y..###.##
.......# ###..#..#####...#
......###...#...#.#.###..#
......##y.#.y###..#.y##..#
....#.###...#...#...###..#
....#..#####/$y).#####...#
#.#.#...#############....#
..#.#.......§§§§§.....#.##


You could see 4 killer bees and porpoise's ghost.

Vanquished Creatures
  A troll (D:7)
  Sigmund (D:2)
  Eustachio (D:4)
  A sky beast (D:6)
  A black bear (D:7)
  A centaur (D:6)
  An ogre (D:6)
  3 kobold brigands (D:7)
  Blork the orc (D:4)
  2 necrophages
  2 scorpions
  2 killer bees (D:7)
  A howler monkey (D:7)
  6 orc priests
  Jessica (D:3)
  4 iguanas
  Natasha (thrice) (D:3)
  7 orc wizards
  Robin (D:2)
  5 adders
  A shadow imp (D:6)
  An ufetubus (D:6)
  4 worms
  2 dart slugs
  24 orcs
  6 ball pythons
  3 endoplasms
  18 goblins
  4 hobgoblins
  8 jackals
  15 kobolds
  2 quokkas
  4 bats (D:2)
  A frilled lizard (D:1)
  4 rats
142 creatures vanquished.

Notes
Turn   | Place    | Note
-------+----------+-------------------------------------------
     0 | D:1      | IdlyInterested the Demonspawn Gladiator began the quest for
                  | the Orb.
     0 | D:1      | Reached XP level 1. HP: 16/16 MP: 1/1
   238 | D:1      | Found a faded altar of an unknown god.
   248 | D:1      | Gained mutation: You have a somewhat thin skeletal
                  | structure. (Dex +2, Stealth+) [demonic ancestry]
   248 | D:1      | Reached XP level 2. HP: 21/22 MP: 2/2
   481 | D:1      | Reached skill level 3 in Long Blades
   481 | D:1      | Reached skill level 1 in Armour
  1213 | D:2      | Reached XP level 3. HP: 17/27 MP: 3/3
  1387 | D:2      | Noticed Robin
  1418 | D:2      | Killed Robin
  1706 | D:2      | Reached XP level 4. HP: 33/33 MP: 4/4
  1721 | D:2      | Found a snail-covered altar of Cheibriados.
  1827 | D:2      | Noticed Sigmund
  1829 | D:2      | Noticed Jessica
  1858 | D:2      | Killed Sigmund
  1859 | D:2      | Reached skill level 4 in Long Blades
  1859 | D:2      | Reached skill level 1 in Stealth
  1859 | D:2      | Gained mutation: You have a moderately thin skeletal
                  | structure. (Dex +4, Stealth++) [demonic ancestry]
  1859 | D:2      | Reached XP level 5. HP: 31/38 MP: 5/5
  2380 | D:3      | Found an opulent altar of Gozag.
  2389 | D:3      | Killed Jessica
  2390 | D:3      | Gained mutation: Your touch may inflict minor irresistible
                  | damage on your foes. [demonic ancestry]
  2390 | D:3      | Reached XP level 6. HP: 28/44 MP: 6/6
  2691 | D:3      | Noticed Natasha
  2701 | D:3      | Killed Natasha
  3002 | D:3      | Found a shadowy altar of Dithmenos.
  3075 | D:3      | Noticed Natasha
  3080 | D:3      | Killed Natasha
  3119 | D:3      | Noticed Natasha
  3126 | D:3      | Killed Natasha
  3448 | D:4      | Found a broken altar of Ashenzari.
  3461 | D:4      | Noticed Blork the orc
  3471 | D:4      | Killed Blork the orc
  3472 | D:4      | Reached skill level 1 in Evocations
  3546 | D:4      | Reached skill level 5 in Long Blades
  3546 | D:4      | Reached XP level 7. HP: 46/50 MP: 7/7
  3575 | D:4      | Noticed Eustachio
  3592 | D:4      | Killed Eustachio
  3726 | D:4      | Found a hide-covered altar of Uskayaw.
  3889 | D:4      | Reached skill level 1 in Unarmed Combat
  4696 | D:5      | Entered Level 5 of the Dungeon
  4967 | D:5      | Reached skill level 6 in Long Blades
  4973 | D:5      | Reached XP level 8. HP: 10/56 MP: 8/8
  5788 | D:6      | Reached skill level 5 in Armour
  6408 | D:6      | Found a sacrificial altar of Ru.
  6467 | D:6      | Found Daefasid's Antique Weapon Shop.
  6581 | D:7      | Noticed porpoise's ghost (novice MfFi)
  6584 | D:7      | Found a transporter.
  6643 | D:7      | Found a transporter.
  6689 | D:7      | Noticed a troll
  6702 | D:7      | Killed a troll
  6703 | D:7      | Reached skill level 7 in Long Blades
  7140 | D:7      | Found an iron altar of Okawaru.
  7144 | D:7      | Found a shimmering altar of Xom.
  7159 | D:7      | Reached XP level 9. HP: 61/63 MP: 9/9
  7197 | D:7      | Found Uxkiag's Lightly-Used Armoury.
  7306 | D:7      | Found a staircase to the Ecumenical Temple.
  7313 | Temple   | Entered the Ecumenical Temple
  7360 | Temple   | Became a worshipper of Cheibriados the Contemplative
  7535 | D:7      | HP: 2/63 [poisoned by a killer bee]
  7536 | D:7      | Slain by a killer bee

Illustrated notes

Levels and vault maps discovered:
D:1:      sevenhm_arrival_forest_fort_small_6, layout_basic,
          hellmonk_ecumenical_altar_dog_temple, minmay_misc_feat_rows,
          corexii_item_surrounded_by_moat
D:2:      layout_rooms, basic_altar, uniq_sigmund, uniq_robin, uniq_jessica
D:3:      layout_loops_cross, grunt_gozag_breadcrumbs, old_standard_altar,
          chequers_serial_rivers_small_a, uniq_natasha
D:4:      layout_basic, mainiacjoe_overflow_surrounded_room,
          lemuel_crystal_altar, amcnicky_mini_corridor_feature,
          uniq_blork_the_orc, uniq_eustachio
D:5:      layout_loops_cross, fountainhead
D:6:      layout_basic, mainiacjoe_overflow_cross_hatched, serial_shops,
          nicolae_lakefront_shop
D:7:      layout_basic, overflow_temple_1_default,
          mainiacjoe_overflow_large_starburst, minmay_temple_entry_trees,
          gammafunk_ghost_hive, minmay_shop_damaged
Temple:   eino_wide_crystal_templ

Skill      XL: |  1  2  3  4  5  6  7  8  9 |
---------------+----------------------------+-----
Long Blades    | 3 4 5 6 7 |  7.4
Armour         | 1 3 4 6 |  6.1
Dodging        | 3 |  3.0
Throwing       | 2 |  2.0
Stealth        | 1 2 |  2.9
Evocations     | 1 2 |  2.0
Unarmed Combat | 2 3 4 |  4.0
Fighting       | 3 |  3.0

Action                   |  1- 3 |  4- 6 |  7- 9 || total
-------------------------+-------+-------+-------++-------
Melee: Long sword        |   107 |    85 |   223 ||   415
       Touch             |       |     6 |    40 ||    46
       Punch             |       |       |     7 ||     7
Throw: Stone             |     2 |       |       ||     2
       Throwing net      |     1 |       |     2 ||     3
       Dart              |       |     2 |     2 ||     4
  Use: Scroll            |     5 |     2 |     6 ||    13
       Potion            |     3 |     4 |     2 ||     9
 Stab: Sleeping          |     2 |    10 |    16 ||    28
       Invisible         |     5 |       |       ||     5
       Held in net/web   |     3 |       |     1 ||     4
       Distracted        |       |     1 |       ||     1
Armor: Leather armour    |    42 |       |    74 ||   116
       Animal skin       |       |    16 |     5 ||    21
       Troll leather arm |       |       |    47 ||    47
Dodge: Dodged            |    92 |    53 |   178 ||   323

Table legend: (Time is in decaauts)
 A = Elapsed time spent in this place.
 B = Non-inter-level travel time spent in this place.
 C = Inter-level travel time spent in this place.
 D = Time resting spent in this place.
 E = Time spent auto-exploring this place.
 F = Levels seen in this place.
 G = Mean time per level.
                   A        B        C        D        E       F      G
               +--------+--------+--------+--------+--------+-----+--------+
         Total |   7618 |   7268 |    350 |   1761 |   3953 |   8 |  952.2 |
       Dungeon |   7562 |   7212 |    350 |   1761 |   3918 |   7 | 1080.3 |
        Temple |     56 |     56 |      0 |      0 |     35 |   1 |   56.0 |
               +--------+--------+--------+--------+--------+-----+--------+

Top non-repeatable levels by time:
     D:2: 1395 daAuts
     D:4: 1322 daAuts
     D:3: 1134 daAuts
     D:6: 1023 daAuts
     D:7: 951 daAuts
     D:1: 881 daAuts
     D:5: 852 daAuts
  Temple: 56 daAuts
